 Dungeon Crawl Stone Soup version 0.31.0-11-ge490571c62 (webtiles) character file.

Game seed: 2938103540521271781

16 qw the Shooter (level 2, -3/14 HPs)
             Began as a Spriggan Hunter on Feb 4, 2024.
             Slain by a hobgoblin (4 damage)
             ... on level 1 of the Dungeon.
             The game lasted 00:00:00 (70 turns).

qw the Shooter (Spriggan Hunter)                      Turns: 70, Time: 00:00:01

Health: -3/14      AC:  2    Str:  7    XL:     2   Next: 37%
Magic:  3/3        EV: 19    Int: 10    God:
Gold:   15         SH:  0    Dex: 18    Spells: 1/1 levels left

rFire   . . .        a - +0 shortbow
rCold   . . .        (shield currently unavailable)
rNeg    . . .        c - +0 robe
rPois   .            (helmet restricted)
rElec   .            (no cloak)
rCorr   .            (gloves unavailable)
SInv    +            (boots unavailable)
Will    .....        (no amulet)
Stlth   ++           (no ring)
HPRegen 0.22/turn    (no ring)
MPRegen 0.08/turn

%: no passive effects
@: very quick
A: very small, no large weapons, unfitting armour, see invisible, speed 3
a: no special abilities


You were on level 1 of the Dungeon.
You visited 1 branch of the dungeon, and saw 1 of its levels.

You collected 15 gold pieces.


Innate Abilities, Weirdness & Mutations

You are very small and have problems with some larger weapons.
You are too small for most types of armour.
You have supernaturally acute eyesight. (SInv)
You cover ground extremely quickly. (Speed+++)


   Skills:
 - Level 1.5 Fighting
 + Level 4.1 Ranged Weapons
 - Level 4.0 Dodging
 - Level 1.5 Stealth


You had one spell level left.
You didn't know any spells.
Your spell library was empty.

Inventory:

Hand Weapons
 a - a +0 shortbow (weapon)
Armour
 c - a +0 robe (worn)
Potions
 d - a potion of invisibility {unknown}

Dungeon Overview and Level Annotations

Branches:
Dungeon (1/15)

Altars:


Message History

The arrow hits the quokka but does no damage.
You shoot an arrow. The arrow closely misses the quokka.
You shoot an arrow. The arrow hits the quokka.
The quokka is moderately wounded.
The quokka misses you. The quokka bites you.
You shoot an arrow. The arrow barely misses the quokka.
The quokka barely misses you.
You shoot an arrow. The arrow misses the quokka.
The quokka closely misses you. The hobgoblin closely misses you.
The ball python misses you. The ball python barely misses you.
The quokka barely misses you.
You shoot an arrow. The arrow barely misses the quokka.
The ball python barely misses you. The ball python closely misses you.
The hobgoblin barely misses you. The quokka bites you.
The ball python misses you. The ball python grabs you.
The ball python constricts you. The hobgoblin misses you.
You shoot an arrow.
The arrow hits the ball python but does no damage.
The quokka bites you. The ball python closely misses you.
The ball python constricts you. The hobgoblin barely misses you.
You shoot an arrow. The arrow hits the ball python.
You kill the ball python!
The quokka completely misses you. The hobgoblin hits you.
The quokka completely misses you.
You shoot an arrow. The arrow hits the quokka.
You kill the quokka!
The hobgoblin barely misses you. The hobgoblin hits you.
You shoot an arrow. The arrow hits the hobgoblin.
The hobgoblin is heavily wounded.
The hobgoblin closely misses you. x2
You shoot an arrow. The arrow closely misses the hobgoblin.
The hobgoblin completely misses you. x2
An endoplasm comes into view.
The hobgoblin misses you. The hobgoblin hits you.
You shoot an arrow. The endoplasm quivers.
The arrow hits the hobgoblin!
You kill the hobgoblin!
The hobgoblin hits you.
You die...

..~~~...~~~...
....~~~~~..... .# .
.............# ...
..........##... J#. ##.
..#...#....###. .. .g..
..#.#.####...#.# .# ###.
..#......# #....#.#.#$#.
.........# #..!.%#.###.
.#.#.....# #@g......
##.#>....#######..#.###.
# #.........%..?.......
#.....#####..........
#.....## #..........
#......####....).....
#....................
#........%#..........
.....##..##............


You could see an endoplasm and a hobgoblin.

Vanquished Creatures
  A dart slug (D:1)
  A bat (D:1)
  2 endoplasms (D:1)
  A giant cockroach (D:1)
  A goblin (D:1)
  2 hobgoblins (D:1)
  2 quokkas (D:1)
  A ball python (D:1)
  2 rats (D:1)
13 creatures vanquished.

Notes
Turn   | Place    | Note
-------+----------+-------------------------------------------
     0 | D:1      | qw the Spriggan Hunter began the quest for the Orb.
     0 | D:1      | Reached XP level 1. HP: 10/10 MP: 2/2
     0 | D:1      | 0 ||| qw: Version: 0.3-a-160-g6735b56
     0 | D:1      | 0 ||| qw: Game counter: 4948
     0 | D:1      | 0 ||| qw: Melee chars always use a shield: true
     0 | D:1      | 0 ||| qw: God list: Okawaru
     0 | D:1      | 0 ||| qw: Allow faded altars: false
     0 | D:1      | 0 ||| qw: Do Orc after clearing Dungeon:15 true
     0 | D:1      | 0 ||| qw: Do second Lair branch before Depths: true
     0 | D:1      | 0 ||| qw: Lair rune preference: random
     0 | D:1      | 0 ||| qw: Goals: Normal
     0 | D:1      | 0 ||| PLANNING D:1-11
    11 | D:1      | Reached skill level 3 in Dodging
    40 | D:1      | Reached XP level 2. HP: 14/14 MP: 3/3
    55 | D:1      | 55 ||| DROPPING scroll of butterflies.
    67 | D:1      | HP: 2/14 [hobgoblin (3)]
    70 | D:1      | Slain by a hobgoblin

Levels and vault maps discovered:
D:1:      mainiacjoe_arrival_oval_in_oval, layout_rooms, minmay_surrounded

Skill      XL: |  1  2 |
---------------+-------+-----
Dodging        | 3 4 |  4.0
Fighting       | |  1.5
Ranged Weapons | |  4.1
Stealth        | |  1.5

Action                     || total
---------------------------++-------
   Fire: Shortbow          ||    30
 Armour: Robe              ||     7
  Dodge: Dodged            ||    24

Table legend:
 A = Non-vault XP
 B = Vault XP
 C = Vault XP percentage of total XP
 D = Non-vault monster count
 E = Vault monster count
 F = Vault count percentage of total count
                 A         B        C        D         E       F
            +---------+---------+-------+---------+---------+-------
      Total |      19 |       6 |  24.0 |      10 |       3 |  23.1
            +---------+---------+-------+---------+---------+-------
        D:1 |      19 |       6 |  24.0 |      10 |       3 |  23.1
            +---------+---------+-------+---------+---------+-------
